 Dungeon Crawl Stone Soup version 0.26.0-18-gc5c842f807 (webtiles) character file.

Game seed: 7431626970030484609

9443 dornbeast the Frost Mage (level 11, -12/86 HPs)
             Began as a Grey Draconian Wanderer on Jan 23, 2021.
             Was a Believer of Sif Muna.
             Mangled by a boulder beetle (23 damage)
             ... on level 11 of the Dungeon on Jan 24, 2021.
             The game lasted 01:54:57 (11883 turns).

dornbeast the Frost Mage (Grey Draconian Wanderer) Turns: 11883, Time: 01:54:58

Health: -12/86     AC: 18    Str: 14    XL:     11   Next: 23%
Magic:  16/18      EV: 13    Int: 23    God:    Sif Muna [**....]
Gold:   667        SH:  0    Dex: 11    Spells: 7/20 levels left

rFire    + . .     SeeInvis .   a - +8 long sword of Awiniti {vorpal, rF+ Int+7}
rCold    . . .     Faith    .   (no shield)
rNeg     . . .     Spirit   .   (armour unavailable)
rPois    .         Reflect  .   B - +0 hat
rElec    .         Harm     .   l - +0 cloak
rCorr    .         Rampage  .   (no gloves)
Will     .....                  k - +0 pair of boots
Stlth    +.........             (no amulet)
HPRegen  0.24/turn              u - +4 ring of protection
MPRegen  0.16/turn              v - ring of flight

@: no status effects
A: walk through water, unfitting armour, unbreathing, cold-blooded, AC +12
a: Renounce Religion, Evoke Flight, Channel Magic


You were on level 11 of the Dungeon.
You worshipped Sif Muna.
Sif Muna was pleased with you.
You visited 2 branches of the dungeon, and saw 12 of its levels.

You collected 667 gold pieces.

Inventory:

Hand Weapons
 a - the +8 long sword of Awiniti (weapon) {vorpal, rF+ Int+7}
   (You found it on level 6 of the Dungeon)

   It inflicts extra damage upon your enemies.
   It affects your intelligence (+7).
   It protects you from fire.
 b - a +4 hunting sling
Missiles
 p - 224 sling bullets
Armour
 k - a +0 pair of boots (worn)
 l - a +0 cloak (worn)
 B - a +0 hat (worn)
Jewellery
 u - a +4 ring of protection (left hand)
 v - a ring of flight (right hand)
Wands
 j - a wand of disintegration (7)
 o - a wand of enslavement (6)
Scrolls
 d - 7 scrolls of identify
 e - 3 scrolls of remove curse {unknown}
 g - a scroll of blinking {unknown}
 i - a scroll of fog {unknown}
 m - 2 scrolls of magic mapping {unknown}
 q - a scroll of teleportation
 r - 5 scrolls of fear
 s - 3 scrolls of immolation
 t - a scroll of acquirement {unknown}
 y - a scroll of brand weapon {unknown}
 D - a scroll of vulnerability {unknown}
Potions
 c - 4 potions of curing
 f - 3 potions of lignification
 h - a potion of heal wounds {unknown}
 n - a potion of invisibility {unknown}
 w - a potion of magic {unknown}
 x - a potion of ambrosia {unknown}
 z - a potion of might
 A - 2 potions of degeneration {unknown}
 C - a potion of mutation {unknown}
 E - 2 potions of brilliance {unknown}


   Skills:
 - Level 5.0 Fighting
 - Level 1.0 Throwing
 + Level 4.0 Dodging
 - Level 1.0 Stealth
 - Level 5.0 Spellcasting
 - Level 4.5 Conjurations
 + Level 4.8 Hexes
 - Level 8.5 Summonings
 - Level 4.2 Fire Magic
 - Level 9.6 Ice Magic
 - Level 2.0 Poison Magic
 * Level 4.3 Invocations


You had 7 spell levels left.
You knew the following spells:

 Your Spells              Type           Power        Failure   Level
a - Foxfire               Conj/Fire      100%         1%          1
b - Call Imp              Summ           44%          1%          2
c - Call Canine Familiar  Summ           44%          1%          3
d - Summon Ice Beast      Ice/Summ       47%          2%          4
e - Inner Flame           Hex/Fire       26%          4%          3

Your spell library contained the following spells:

 Spells                   Type           Power        Failure   Level
 Summon Small Mammal      Summ           100%         1%          1
 Summon Guardian Golem    Hex/Summ       36%          1%          3
 Conjure Flame            Conj/Fire      26%          4%          3
 Summon Lightning Spire   Summ/Air       25%          16%         4


Dungeon Overview and Level Annotations

Branches:
Dungeon (11/15)            Temple (1/1) D:4             Orc (0/2) D:10
   Lair: D:8-11

Altars:
Ashenzari
Cheibriados
Dithmenos
Elyvilon
Fedhas
Gozag
Hepliaklqana
Kikubaaqudgha
Makhleb
Nemelex Xobeh
Okawaru
Qazlal
Ru
Sif Muna
Trog
Uskayaw
Vehumet
Wu Jian
Xom
Yredelemnul
Zin
The Shining One

Shops:
D:5 [

Annotations:
D:6 2 transporters, qqq123's ghost, amateur GrFi


Innate Abilities, Weirdness & Mutations

You can walk through water.
Your dull iron-grey scales are very hard. (AC +12)
You cannot fit into any form of body armour.
You can survive without breathing.
You are cold-blooded and may be slowed by cold attacks.


Message History

a - the +8 long sword of Awiniti (weapon)
{vorpal, rF+ Int+7} The centaur shoots an arrow.
The arrow hits your ice beast. Flame seeps out of your ice beast.
Your ice beast is engulfed in blazing flames.
Your ice beast explodes!
You hear a bellow!
The centaur shoots an arrow.
The arrow hits you! The boulder beetle hits you!!!
Ouch! That really hurt!
* * * LOW HITPOINT WARNING * * *
The boulder beetle stops rolling and uncurls.
The boulder beetle completely misses you.
You riposte.
You barely miss the boulder beetle.
There is a stone staircase leading up, spattered with blood here.
You see here 2 large rocks.
The centaur shoots an arrow.
The arrow hits you!
* * * LOW HITPOINT WARNING * * *
The centaur shoots an arrow.
The arrow hits you.
* * * LOW HITPOINT WARNING * * *
The boulder beetle bites you!!
You die...

#..#
#.†.......#
#..#
#........Z#
#..#
#.........#
#..#
#.........#
#..#
#.........#
#..#
#......)..#
#..#
#.......).#
#..#
#........[#
#..#
#......(B@#
....#
#.......(.#
....#
#....§§...#
....#
#....(....#
....#
#...§c§...#
....#
#..)$.....#
.....
...(......#
..(.......#
...........


You could see a boulder beetle, a centaur and a hound zombie.

Vanquished Creatures
  Gastronok (D:8)
  Josephine (D:10)
  Harold (D:8)
  A death knight (D:10)
  Pikel (D:4)
  A cyclops (D:11)
  A troll (D:10)
  A hornet (D:8)
  3 wraiths (D:10)
  Eustachio (D:4)
  A steam dragon (D:11)
  4 wargs (D:10)
  A water moccasin (D:8)
  An ice beast (D:11)
  An orc warrior (D:11)
  A black bear (D:9)
  A sky beast (D:2)
  2 phantoms
  A hornet zombie (D:9)
  5 ogres
  4 centaurs
  A lemure (D:4)
  3 big kobolds
  A wyvern zombie (D:9)
  A bullfrog (D:7)
  A water moccasin zombie (D:7)
  3 scorpions
  A water moccasin skeleton (D:10)
  5 howler monkeys
  2 hounds
  A bullfrog zombie (D:10)
  3 centaur skeletons
  3 jellies
  2 orc priests
  5 orc wizards
  4 iguanas
  An iron imp (D:6)
  A hound skeleton (D:4)
  6 gnolls
  A howler monkey skeleton (D:8)
  12 adders
  2 shadow imps (D:9)
  A white imp (D:5)
  An ufetubus (D:4)
  3 worms
  A dart slug (D:1)
  5 leopard geckos
  24 orcs
  3 bats
  7 giant cockroaches
  26 goblins
  32 hobgoblins
  6 jackals
  8 kobolds
  5 quokkas
  7 frilled lizards
  A leopard gecko zombie (D:9)
  6 rats
229 creatures vanquished.

Vanquished Creatures (collateral kills)
  A two-headed ogre (D:8)
  A black bear (D:8)
  An orc warrior (D:7)
  3 ogres
  2 big kobolds (D:3)
  A scorpion (D:7)
  4 orc priests
  An orc wizard (D:10)
  A bullfrog skeleton (D:10)
  6 gnolls
  An ufetubus (D:9)
  A worm (D:1)
  3 orcs
  2 giant cockroaches
  7 goblins (D:3)
  7 hobgoblins
  A ball python (D:8)
  A jackal skeleton (D:9)
  4 kobolds
  A rat (D:1)
49 creatures vanquished.

Vanquished Creatures (others)
  195 foxfires
195 creatures vanquished.

Grand Total: 473 creatures vanquished

Notes
Turn   | Place    | Note
-------+----------+-------------------------------------------
     0 | D:1      | dornbeast the Draconian Wanderer began the quest for the
                  | Orb.
     0 | D:1      | dornbeast set off with the following items: a +0 club; and
                  | the following spells available to memorise: Summon Small
                  | Mammal, Call Imp, Foxfire, Call Canine Familiar, Summon
                  | Guardian Golem, Conjure Flame, Inner Flame, Summon Ice
                  | Beast, Summon Lightning Spire
     0 | D:1      | Reached XP level 1. HP: 14/14 MP: 3/3
     2 | D:1      | Learned a level 1 spell: Foxfire
   303 | D:1      | Reached XP level 2. HP: 17/20 MP: 1/5
   367 | D:1      | Reached skill level 1 in Fire Magic
   470 | D:1      | Learned a level 2 spell: Call Imp
  1267 | D:1      | Reached XP level 3. HP: 25/26 MP: 1/6
  1579 | D:2      | Reached XP level 4. HP: 30/33 MP: 2/7
  1725 | D:2      | Noticed a sky beast
  1734 | D:2      | Learned a level 3 spell: Call Canine Familiar
  2151 | D:2      | Killed a sky beast
  2152 | D:2      | Reached XP level 5. HP: 10/38 MP: 1/8
  3304 | D:3      | Reached XP level 6. HP: 35/45 MP: 1/9
  4144 | D:3      | Your scales start taking on a dull iron-grey colour.
  4144 | D:3      | Reached XP level 7. HP: 47/50 MP: 5/10
  4144 | D:3      | Gained mutation: You can survive without breathing. [Grey
                  | Draconian growth]
  4465 | D:4      | Reached skill level 1 in Ice Magic
  4690 | D:4      | Reached skill level 5 in Summonings
  4765 | D:4      | Noticed Pikel
  4779 | D:4      | Killed Pikel
  4780 | D:4      | Reached skill level 2 in Ice Magic
  4780 | D:4      | Reached XP level 8. HP: 28/57 MP: 11/14
  5549 | D:4      | Reached skill level 3 in Ice Magic
  5726 | D:4      | Noticed Eustachio
  5767 | D:4      | Killed Eustachio
  5785 | D:4      | Found a staircase to the Ecumenical Temple.
  5816 | Temple   | Entered the Ecumenical Temple
  5950 | Temple   | Became a worshipper of Sif Muna the Loreminder
  6023 | D:5      | Entered Level 5 of the Dungeon
  6067 | D:5      | Found Wedig's Armour Boutique.
  6239 | D:5      | Found a hazy altar of Hepliaklqana.
  6242 | D:5      | Found a glowing golden altar of the Shining One.
  6245 | D:5      | Found a hide-covered altar of Uskayaw.
  6358 | D:5      | Reached skill level 5 in Spellcasting
  6777 | D:5      | Found a shimmering altar of Xom.
  6894 | D:6      | Reached skill level 1 in Fighting
  7125 | D:6      | Found a snail-covered altar of Cheibriados.
  7139 | D:6      | Noticed qqq123's ghost (amateur GrFi)
  7140 | D:6      | Found a transporter.
  7142 | D:6      | Found a transporter.
  7269 | D:6      | Identified the +8 long sword of Awiniti {vorpal, rF+ Int+7}
                  | (You found it on level 6 of the Dungeon)
  7488 | D:6      | Reached skill level 4 in Ice Magic
  7488 | D:6      | Reached XP level 9. HP: 67/67 MP: 16/16
  7493 | D:6      | Learned a level 4 spell: Summon Ice Beast
  7977 | D:7      | Reached * piety under Sif Muna
  8084 | D:7      | You fall into a shaft and drop 1 floor!
  8112 | D:8      | Reached skill level 5 in Ice Magic
  8118 | D:8      | Noticed Harold
  8134 | D:8      | Killed Harold
  8135 | D:8      | Reached skill level 6 in Ice Magic
  8389 | D:8      | Found a sacrificial altar of Ru.
  8712 | D:8      | Noticed Gastronok
  8718 | D:8      | Noticed a two-headed ogre
  8753 | D:8      | Learned a level 3 spell: Inner Flame
  8856 | D:8      | Killed a two-headed ogre
  8857 | D:8      | Reached skill level 1 in Hexes
  8857 | D:8      | Reached skill level 7 in Ice Magic
  9107 | D:8      | Killed Gastronok
  9108 | D:8      | Reached skill level 5 in Fighting
  9108 | D:8      | Reached skill level 8 in Ice Magic
  9108 | D:8      | Reached XP level 10. HP: 78/81 MP: 2/17
  9692 | D:9      | Reached ** piety under Sif Muna
  9693 | D:9      | Reached skill level 1 in Dodging
 10105 | D:10     | Entered Level 10 of the Dungeon
 10421 | D:10     | Reached skill level 9 in Ice Magic
 10487 | D:10     | Noticed Josephine
 10497 | D:10     | Killed Josephine
 10660 | D:10     | Noticed a death knight
 10684 | D:10     | Killed a death knight
 10814 | D:10     | Reached XP level 11. HP: 86/86 MP: 5/18
 10948 | D:10     | Found a staircase to the Orcish Mines.
 11391 | D:11     | Noticed a seven-headed hydra
 11439 | D:11     | Noticed a boulder beetle
 11883 | D:11     | Mangled by a boulder beetle

Illustrated notes

Levels and vault maps discovered:
D:1:      shiori_arrival_oz, layout_loops_ring
D:2:      minmay_evil_eye, layout_loops_ring, grunt_decor_resistance
D:3:      minmay_goblin_kobold_castle, layout_basic
D:4:      minmay_razor_zed, layout_loops_ring, minmay_temple_entry_mini_moons,
          minmay_distorted, uniq_eustachio, uniq_pikel
D:5:      layout_loops_corners, general_overflow_altar,
          grunt_temple_overflow_diamond, serial_shops, kennysheep_mini
D:6:      layout_basic, slow_altar_1, gammafunk_ghost_arena
D:7:      layout_loops_ring, uniq_menkaure
D:8:      layout_basic, lemuel_altar_in_water2, uniq_harold, uniq_gastronok
D:9:      layout_roguey
D:10:     layout_roguey, minmay_orc_entry_guard_dogs, uniq_josephine
D:11:     layout_long_grid, erik_lair_dragon
Temple:   minmay_crystal_spiral_temple

Skill      XL: |  1  2  3  4  5  6  7  8  9 10 11 |
---------------+----------------------------------+-----
Fire Magic     | 1 2 3 4 |  4.2
Conjurations   | 2 3 4 |  4.5
Summonings     | 4 6 7 8 |  8.5
Ice Magic      | 2 4 8 9 |  9.6
Spellcasting   | 4 5 |  5.0
Fighting       | 2 5 |  5.0
Hexes          | 2 4 |  4.8
Dodging        | 3 4 |  4.0
Invocations    | 2 4 |  4.3
Throwing       | |  1.0
Stealth        | |  1.0
Poison Magic   | |  2.0

Action                   |  1- 3 |  4- 6 |  7- 9 | 10-12 || total
-------------------------+-------+-------+-------+-------++-------
Melee: Club              |    22 |       |       |       ||    22
       Tailslap          |     7 |     5 |    29 |     4 ||    45
       Dagger            |    62 |    23 |       |       ||    85
       Spear             |       |    35 |   227 |       ||   262
       Long sword        |       |       |    44 |    51 ||    95
 Fire: Hunting sling     |       |    32 |   134 |    60 ||   226
 Cast: Foxfire           |    30 |    73 |     6 |     5 ||   114
       Call Imp          |     9 |     6 |     5 |     1 ||    21
       Call Canine Famil |       |     4 |     5 |     1 ||    10
       Summon Ice Beast  |       |       |     9 |    25 ||    34
       Inner Flame       |       |       |     2 |    24 ||    26
  Use: Potion            |       |     1 |     5 |     1 ||     7
       Scroll            |       |       |     8 |       ||     8
 Stab: Distracted        |       |       |     2 |       ||     2
Armor: Skin              |    16 |    32 |   145 |    34 ||   227
Dodge: Dodged            |    36 |    41 |   143 |    40 ||   260
       Rpst.: Long sword |       |       |     7 |    10 ||    17
